 Dungeon Crawl Stone Soup version 0.21-a0-358-g8928369 (webtiles) character file.

47 Dfrag the Firebug (level 3, -1/24 HPs)
             Began as a Demonspawn Fire Elementalist on Oct 13, 2017.
             Slain by a gnoll
             ... wielding a +0 flail
              (3 damage)
             ... on level 1 of the Dungeon.
             The game lasted 00:01:58 (1462 turns).

Dfrag the Firebug (Demonspawn Fire Elementalist)    Turns: 1462, Time: 00:01:58

Health: -1/24      AC:  2    Str:  8    XL:     3   Next: 48%
Magic:  0/6        EV: 12    Int: 17    God:
Gold:   48         SH:  0    Dex: 13    Spells: 6/7 levels left

rFire    . . .     SeeInvis .   e - +0 club
rCold    . . .     Gourm    .   (no shield)
rNeg     . . .     Faith    .   a - +0 robe
rPois    .         Spirit   +   (no helmet)
rElec    .         Reflect  .   (no cloak)
rCorr    .         Harm     .   (no gloves)
MR       .....                  (no boots)
Stlth    ++........             (no amulet)
HPRegen  0.08/turn              (no ring)
MPRegen  0.10/turn              (no ring)

@: no status effects
A: claws 1, magic shield
a: no special abilities


You were on level 1 of the Dungeon.
You were not hungry.

You visited 1 branch of the dungeon, and saw 2 of its levels.

You collected 48 gold pieces.

Inventory:

Hand Weapons
 e - a +0 club (weapon)
Armour
 a - a +0 robe (worn)
Scrolls
 d - a scroll of teleportation {unknown}
 h - 2 scrolls of fog {unknown}
 j - 2 scrolls of remove curse {unknown}
 l - a scroll of noise {unknown}
 n - a scroll of identify {unknown}
Potions
 f - a potion of flight {unknown}
 g - a potion of haste {unknown}
 i - a potion of curing {unknown}
 k - a potion of resistance {unknown}
Books
 b - a book of Flames

   Spells                             Type                      Level
   a - Flame Tongue                   Conjuration/Fire             1
   b - Throw Flame                    Conjuration/Fire             2
   c - Conjure Flame                  Conjuration/Fire             3
   d - Inner Flame                    Hexes/Fire                   3
   e - Sticky Flame                   Conjuration/Fire             4
   f - Fireball                       Conjuration/Fire             5
Comestibles
 c - 2 bread rations
 m - 2 fruits
 o - a meat ration


   Skills:
 - Level 1.7 Dodging
 - Level 1.7 Stealth
 + Level 2.6 Spellcasting
 + Level 2.1 Conjurations
 + Level 3.2 Fire Magic


You had 6 spell levels left.
You knew the following spells:

 Your Spells              Type           Power        Failure   Level  Hunger
a - Flame Tongue          Conj/Fire      ##...        6%          1    #......


Dungeon Overview and Level Annotations

Branches:
Dungeon (2/15)

Altars:
Hepliaklqana


Innate Abilities, Weirdness & Mutations

You have sharp fingernails.
When hurt, damage is shared between your health and your magic reserves.


Message History

Aim: a gnoll The flame tongue hits the gnoll.
The gnoll is lightly wounded.
The gnoll hits you with a flail!
* * * LOW HITPOINT WARNING * * *
The gnoll hits you with a spear.
* * * LOW HITPOINT WARNING * * *
The gnoll hits you.
* * * LOW HITPOINT WARNING * * *
Unknown command.
Unknown command.
Casting: Flame Tongue
Confirm with . or Enter, or press ? or * to list all spells.
You don't have enough magic to cast that spell.
Unknown command.
Unknown command.
You hit the gnoll.
The gnoll is moderately wounded.
The gnoll hits you with a flail.
You die...

.......###......#.........#
.....#.# #.##...##.......##
.....#.# #...............#
##.#.#.# #####..##.......#
##.#.#.# #..##...>...#
...#.#.########.##.#######
##.#............##.#
.#.###.########g##.#######
.#.# #.........g@#.......#
.#.# ##########g########.#
.#.# ####.########.# .#.#
#.............# .#.#
#.##.########## .#.# #.##.#
.#.# #.##.# .#.# #.##.#
.#.#########.##.#


You could see 3 gnolls.

Vanquished Creatures
  A gnoll (D:1)
  An ooze (D:1)
  2 worms (D:2)
  2 leopard geckos (D:2)
  A giant cockroach (D:1)
  4 goblins
  6 hobgoblins (D:1)
  2 kobolds (D:1)
  3 bats
  2 rats (D:2)
24 creatures vanquished.

Notes
Turn   | Place    | Note
-------+----------+-------------------------------------------
     0 | D:1      | Dfrag the Demonspawn Fire Elementalist began the quest for the Orb.
     0 | D:1      | Reached XP level 1. HP: 13/13 MP: 3/3
   372 | D:1      | Gained mutation: You have sharp fingernails. [demonic ancestry]
   372 | D:1      | Reached XP level 2. HP: 19/19 MP: 1/5
   408 | D:1      | Reached skill level 3 in Fire Magic
   798 | D:2      | Gained mutation: When hurt, damage is shared between your health and your magic reserves. [demonic ancestry]
   798 | D:2      | Reached XP level 3. HP: 15/24 MP: 2/6
   864 | D:2      | Found a hazy altar of Hepliaklqana.
  1172 | D:1      | HP: 1/24 [gnoll (7)]
  1462 | D:1      | Slain by a gnoll

Vault maps used:
D:1:      dpeg_arrival_three_same_balls
D:2:      lemuel_doored_altar, chequers_ecumenical_altar_grove, first_bread

Skill      XL: |  1  2  3 |
---------------+----------+-----
Fire Magic     | 3 |  3.2
Conjurations   | 2 |  2.1
Dodging        | |  1.7
Stealth        | |  1.7
Spellcasting   | |  2.6

Action                   || total
-------------------------++-------
Melee: Unarmed           ||     9
       Club              ||    45
 Cast: Flame Tongue      ||    43
 Stab: Sleeping          ||     1
  Eat: Chunk             ||     2
Armor: Robe              ||    10
Dodge: Dodged            ||    47

Table legend:
 A = Spawn XP
 B = Non-spawn XP
 C = Spawn XP percentage of total XP
 D = Spawn monster count
 E = Non-spawn monster count
 F = Spawn count percentage of total count
 G = Total turns spent on level
                    A         B        C        D         E        F      G
               +---------+---------+-------+---------+---------+-------+---------
         Total |       0 |      68 |   0.0 |       0 |      24 |   0.0 |  1462
               +---------+---------+-------+---------+---------+-------+---------
           D:1 |       0 |      43 |   0.0 |       0 |      14 |   0.0 |   984
           D:2 |       0 |      25 |   0.0 |       0 |      10 |   0.0 |   478
               +---------+---------+-------+---------+---------+-------+---------
